 Dungeon Crawl Stone Soup version 0.23-a0-171-g5ae17c6 (webtiles) character file.

118 Amnesiac the Magician (level 4, -5/30 HPs)
             Began as a Mummy Ice Elementalist on Sept 15, 2018.
             Was a Follower of Vehumet.
             Slain by a gnoll
             ... wielding a +0 whip
              (11 damage)
             ... on level 3 of the Dungeon.
             The game lasted 00:06:28 (2475 turns).

Amnesiac the Magician (Mummy Ice Elementalist)      Turns: 2475, Time: 00:06:29

Health: -5/30      AC:  3    Str: 11    XL:     4   Next: 72%
Magic:  10/10      EV: 12    Int: 15    God:    Vehumet [*.....]
Gold:   105        SH:  0    Dex: 12    Spells: 1/11 levels left

rFire    x . .     SeeInvis +   g - +0 dagger (drain)
rCold    + . .     Gourm    .   (no shield)
rNeg     + + +     Faith    .   a - +0 robe
rPois    ∞         Spirit   .   (no helmet)
rElec    .         Reflect  .   (no cloak)
rCorr    .         Harm     .   c - +0 pair of gloves
MR       .....                  (no boots)
Stlth    ++........             (no amulet)
HPRegen  0.10/turn              h - ring of see invisible
MPRegen  0.12/turn              (no ring)

@: no status effects
A: no food or potions, fire vulnerability, cold resistance 1, negative energy
resistance 3, torment resistance, unbreathing
a: Renounce Religion


You were on level 3 of the Dungeon.
You worshipped Vehumet.
Vehumet was aware of your devotion.
You were not hungry.

You visited 1 branch of the dungeon, and saw 3 of its levels.

You collected 105 gold pieces.

Inventory:

Hand Weapons
 g - a +0 dagger of draining (weapon)
Armour
 a - a +0 robe (worn)
 c - a +0 pair of gloves (worn)
 i - a +0 shield
Jewellery
 h - a ring of see invisible (left hand)
Wands
 j - a wand of paralysis (18)
Scrolls
 b - 2 scrolls of fear {!r, unknown}
 d - a scroll of remove curse {!r, unknown}
 e - 3 scrolls of teleportation {!r, unknown}
 f - a scroll of immolation {!r, unknown}
 k - a scroll of identify {!r, unknown}
 l - a scroll of noise {!r, unknown}


   Skills:
 - Level 1.5 Dodging
 - Level 1.5 Stealth
 + Level 4.0 Spellcasting
 - Level 0.7 Conjurations
 * Level 4.0 Ice Magic


You had one spell level left.
You knew the following spells:

 Your Spells              Type           Power        Failure   Level  Hunger
a - Freeze                Ice            ###.         3%          1    N/A
b - Throw Frost           Conj/Ice       ##....       11%         2    N/A
d - Throw Icicle          Conj/Ice       ##......     56%         4    N/A
z - Ozocubu's Armour      Chrm/Ice       #.......     24%         3    N/A

Your spell library contained the following spells:

 Spells                   Type           Power        Failure   Level  Hunger
 Flame Tongue             Conj/Fire      #....        16%         1    N/A
 Summon Ice Beast         Ice/Summ       #.......     61%         4    N/A

Dungeon Overview and Level Annotations

Branches:
Dungeon (3/15)

Altars:
Okawaru
Sif Muna
Vehumet
Xom
Yredelemnul


Innate Abilities, Weirdness & Mutations

You do not eat or drink.
Your flesh is vulnerable to fire.
You are immune to poison.
Your flesh is cold resistant. (rC+)
You are immune to negative energy. (rN+++)
You are immune to unholy pain and torment.
You can survive without breathing.


Message History

You freeze the kobold.
You kill the kobold!
Vehumet accepts your kill.
You see here a short sword.
Magic restored.
The gnoll is too close now for your liking.
Casting: Freeze (safe; 3% risk of failure)
Confirm with . or Enter, or press ? or * to list all spells.
You can't see any susceptible monsters within range! (Use Z to cast anyway.)
The gnoll shouts!
You hear a shout!
The gnoll throws a throwing net.
The throwing net barely misses you.
You see here a throwing net.
A gnoll comes into view. It is wielding a halberd.
The gnoll shouts!
The gnoll moves out of view.
Found a ration.
Casting: Freeze (safe; 3% risk of failure)
Confirm with . or Enter, or press ? or * to list all spells.
You can't see any susceptible monsters within range! (Use Z to cast anyway.)
A gnoll is nearby!
Casting: Freeze (safe; 3% risk of failure)
Confirm with . or Enter, or press ? or * to list all spells.
Aiming: Freeze (safe; 3% risk of failure)
Press: ? - help, Shift-Dir - straight line, f - gnoll
Aim: a gnoll, wielding a whip You freeze the gnoll.
The gnoll is moderately wounded.
The gnoll closely misses you.
The gnoll hits you from afar with a halberd!
* * * LOW HITPOINT WARNING * * *
There are monsters nearby!
You closely miss the gnoll.
The gnoll is moderately wounded.
The gnoll closely misses you. x2
Casting: Freeze (safe; 3% risk of failure)
Confirm with . or Enter, or press ? or * to list all spells.
Aiming: Freeze (safe; 3% risk of failure)
Press: ? - help, Shift-Dir - straight line, f/p - gnoll
Aim: a gnoll, wielding a whip (moderately wounded)
You freeze the gnoll.
The gnoll is heavily wounded.
The gnoll hits you with a whip.
* * * LOW HITPOINT WARNING * * *
The gnoll hits you from afar with a halberd.
* * * LOW HITPOINT WARNING * * *
The gnoll barely misses you. The gnoll hits you with a whip.
* * * LOW HITPOINT WARNING * * *
You see here a throwing net.
Okay, then.
You see here a stone.
You see here a stone.
You see here a leopard gecko corpse.
There is an open door here.
There is an open door here.
There is an open door here.
There is an open door here.
There is an open door here.
There is an open door here.
The gnoll hits you with a whip.
* * * LOW HITPOINT WARNING * * *
There is an escape hatch in the ceiling here.
The gnoll hits you with a whip!
You die...

##############.##.#
#..............##.#####
####..............##.....#
...'.......>.........###.#
####.............#.#.# #.#
####.............#.#.# #.#
.................#.#.# #.#
.................#.#.# #.#
................@#.#.# #.#
.............g.g<#.#.###.#
...............g.#....##.#
.............###########.#
....##..%###.# ######.#
....##...# #.# #.%....#
....##...# #.# #.####.#
....##.### #.# #.# #.#
....##.# #.# #.# #.#


You could see 3 gnolls.

Vanquished Creatures
  A gnoll (D:2)
  3 adders (D:2)
  An adder skeleton (D:2)
  2 worms (D:2)
  2 leopard geckos
  5 orcs (D:3)
  14 bats
  5 giant cockroaches
  7 hobgoblins
  4 jackals (D:2)
  5 kobolds
  4 frilled lizards
  3 goblins (D:1)
  8 rats
64 creatures vanquished.

Notes
Turn   | Place    | Note
-------+----------+-------------------------------------------
     0 | D:1      | Amnesiac the Mummy Ice Elementalist began the quest for the
                  | Orb.
     0 | D:1      | Reached XP level 1. HP: 13/13 MP: 4/4
   245 | D:1      | Reached XP level 2. HP: 17/19 MP: 0/5
   249 | D:1      | Learned a level 2 spell: Throw Frost
   694 | D:2      | Reached XP level 3. HP: 24/24 MP: 7/7
   699 | D:2      | Learned a level 3 spell: Ozocubu's Armour
  1075 | D:3      | Found a shimmering altar of Xom.
  1080 | D:3      | Found a deep blue altar of Sif Muna.
  1083 | D:3      | Found a basalt altar of Yredelemnul.
  1086 | D:3      | Found a radiant altar of Vehumet.
  1091 | D:3      | Became a worshipper of Vehumet
  1447 | D:1      | Reached XP level 4. HP: 29/30 MP: 7/9
  1665 | D:2      | Learned a level 4 spell: Throw Icicle
  1715 | D:2      | Found an iron altar of Okawaru.
  2018 | D:2      | Reached * piety under Vehumet
  2018 | D:2      | Offered knowledge of Flame Tongue by Vehumet.
  2373 | D:3      | Found a faded altar of an unknown god.
  2475 | D:3      | Slain by a gnoll

Vault maps used:
D:1:      scummos_arrival_checkerplants
D:2:      okawaru_trees_2
D:3:      grunt_temple_overflow_cloverleaf,
          chequers_ecumenical_altar_simple_redux, patterned_corridor

Skill      XL: |  1  2  3  4 |
---------------+-------------+-----
Ice Magic      | 3 4 |  4.0
Spellcasting   | 3 4 |  4.0
Dodging        | |  1.5
Stealth        | |  1.5
Conjurations   | |  0.7

Action                   |  1- 3 |  4- 6 || total
-------------------------+-------+-------++-------
Melee: Unarmed           |     2 |       ||     2
       Dagger            |    33 |    32 ||    65
 Cast: Freeze            |    57 |    41 ||    98
 Stab: Sleeping          |     3 |       ||     3
Armor: Robe              |    14 |    18 ||    32
Dodge: Dodged            |    54 |    46 ||   100

Table legend:
 A = Non-vault XP
 B = Vault XP
 C = Vault XP percentage of total XP
 D = Non-vault monster count
 E = Vault monster count
 F = Vault count percentage of total count
                 A         B        C        D         E       F
            +---------+---------+-------+---------+---------+-------
      Total |     169 |       0 |   0.0 |      64 |       0 |   0.0
            +---------+---------+-------+---------+---------+-------
        D:1 |      51 |       0 |   0.0 |      30 |       0 |   0.0
        D:2 |      92 |       0 |   0.0 |      22 |       0 |   0.0
        D:3 |      26 |       0 |   0.0 |      12 |       0 |   0.0
            +---------+---------+-------+---------+---------+-------
